AoeStats
← THL

Four Lakes

508151802Analyzed
1v1 RM · 11d ago on Sep 21, 2026· 68m 34s· 2 players
Game mode
Random Map
Map size
Tiny (2 player)
Population
200
Speed
Normal
Resources
Standard
Victory
Conquest
Starting age
Dark Age
Ending age
Imperial Age
RankedLock teamsTeams togetherTeam positionsShared explorationLock speedFull tech treeHidden civsTurbo modeCheats
Victory
Defeat
🇵🇪 Huns · Peru
1872
+10
🇻🇳 Koreans · Vietnam
1737
-10
_The_Oldergold
6:55 Loom
9:18 Feudal Age
9:43 Double-Bit Axe
20:18 Castle Age
22:15 Bow Saw
21:45 Horse Collar
23:07 Thumb Ring
24:24 Fletching
25:50 Medium Warships
29:07 Wheelbarrow
30:39 Town Watch
31:11 Hand Cart
33:17 Scale Barding Armor
35:05 Scale Mail Armor
35:25 Chain Barding Armor
37:19 Forging
41:49 Imperial Age
41:39 Heavy Plow
42:02 Bodkin Arrow
43:01 Conscription
43:41 Iron Casting
44:01 Plate Barding Armor
43:48 Elite Tarkan
44:25 Gold Mining
44:40 Bracer
45:44 Blast Furnace
45:08 Bloodlines
44:59 Husbandry
46:14 Heavy Cavalry Archer
47:19 Parthian Tactics
46:19 Crossbowman
47:38 Bracer
48:52 Ballistics
49:43 Light Cavalry
52:28 Chemistry
52:03 Padded Archer Armor
56:26 Leather Archer Armor
60:03 Hussar
THL
7:39 Loom
10:01 Feudal Age
10:41 Double-Bit Axe
17:22 Fletching
22:08 Castle Age
21:21 Gold Mining
22:09 Crossbowman
22:46 Bodkin Arrow
25:27 Wheelbarrow
26:45 Ballistics
27:04 Town Watch
29:09 Gold Shaft Mining
33:57 Bow Saw
41:19 Imperial Age
39:46 Scale Mail Armor
40:26 Forging
40:18 Squires
41:21 Chain Mail Armor
42:12 Bracer
44:42 Chemistry
45:36 Plate Mail Armor
47:05 Elite Skirmisher
47:51 Thumb Ring
49:25 Iron Casting
52:03 Elite Fire Lancer
53:10 Elite Fire Lancer
56:08 Pikeman
57:32 Hand Cart
58:08 Halberdier
67:18 Horse Collar
Connection lost

Rejoining the realm…

Still unreachable

The connection could not be restored.

Session expired

The server has moved on; the page needs a fresh start.